3A
MT. VERNON BULLS @ MANCELONA TORCH
08/24/2038
 
TOP OF THE 1ST
Mt. Vernon Bulls batting - Pitching for Mancelona Torch : RHP Lucas Gameiro
Pitching: RHP Lucas Gameiro
Batting: RHB Ned Lyons 0-0: Called Strike
0-1: Fly out, F8 (Flyball, 78D, EV 86.9 MPH)
Batting: RHB Doug Page 0-0: Swinging Strike
0-1: Ball
1-1: Called Strike
1-2: SINGLE (Flyball, 78S, EV 95.0 MPH)
Batting: LHB Ramón Torres 0-0: Called Strike
0-1: Ball
1-1: Ball
2-1: Ball
3-1: SINGLE (Groundball, 6D, EV 96.9 MPH)
Doug Page to second
Batting: LHB Ben Bullock 0-0: Ball
1-0: Called Strike
1-1: Called Strike
1-2: Hit by Pitch
Doug Page to third
Ramón Torres to second
Batting: RHB Cyrillo Watson 0-0: Ball
1-0: Fly out, F8 (Flyball, 8LM, EV 89.4 MPH)
Runner from 3rd tags up, SCORES, throw by CF
Batting: RHB Francisco Ortíz 0-0: Called Strike
0-1: Swinging Strike
0-2: Fly out, F7 (Flyball, 7S, EV 73.8 MPH)
Top of the 1st over - 1 run, 2 hits, 0 errors, 2 left on base; Mt. Vernon 1 - Mancelona 0
BOTTOM OF THE 1ST
Mancelona Torch batting - Pitching for Mt. Vernon Bulls : RHP Francisco Esposo
Pitching: RHP Francisco Esposo
Batting: RHB Thinley Tshering 0-0: Ball
1-0: Ground out 5-3 (Groundball, 5S, EV 94.4 MPH)
Batting: RHB Ken Joyner 0-0: DOUBLE (Line Drive, 89D, EV 101.2 MPH)
Batting: SHB Silvio Capitanio 0-0: Swinging Strike
0-1: Called Strike
0-2: Ball
1-2: Ball
2-2: Strikes out swinging
Batting: RHB Cam Lumsden 0-0: Ball
1-0: Called Strike
1-1: Ball
2-1: Swinging Strike
2-2: Ground out 5-3 (Groundball, 56, EV 80.6 MPH)
Bottom of the 1st over - 0 runs, 1 hit, 0 errors, 1 left on base; Mt. Vernon 1 - Mancelona 0
TOP OF THE 2ND
Mt. Vernon Bulls batting - Pitching for Mancelona Torch : RHP Lucas Gameiro
Batting: RHB Shawn Mullins 0-0: Ball
1-0: Called Strike
1-1: Ball
2-1: Foul Ball, location: 2F
2-2: DOUBLE (Line Drive, 78XD, EV 106.9 MPH)
Batting: RHB Donovan Carlson 0-0: Ball
1-0: Called Strike
1-1: Foul Ball, location: 2F
1-2: Ball
2-2: Ground out 6-3 (Groundball, 6, EV 83.1 MPH)
Shawn Mullins to third
Batting: RHB Claudio Corona 0-0: Called Strike
0-1: Called Strike
0-2: Ball
1-2: Fly out, F8 (Flyball, 8LD, EV 103.8 MPH)
Runner from 3rd tags up, SCORES, throw by CF
Batting: RHB Ned Lyons 0-0: Ground out U3 (Groundball, 3, EV 102.5 MPH)
Top of the 2nd over - 1 run, 1 hit, 0 errors, 0 left on base; Mt. Vernon 2 - Mancelona 0
BOTTOM OF THE 2ND
Mancelona Torch batting - Pitching for Mt. Vernon Bulls : RHP Francisco Esposo
Batting: LHB Jared Schneider 0-0: DOUBLE (Groundball, 5L, EV 101.2 MPH)
Batting: RHB Tristan Powell 0-0: Called Strike
0-1: Ground out 4-3 (Groundball, 4, EV 81.9 MPH)
Jared Schneider to third
Batting: RHB Aguostinho Antunes 0-0: Ball
1-0: Swinging Strike
1-1: Foul Ball, location: 2F
1-2: Strikes out swinging
Batting: RHB Cristóbal Arroyo 0-0: Called Strike
0-1: SINGLE (Line Drive, 9LS, EV 86.9 MPH)
Jared Schneider scores
Batting: RHB Izaak Gerkis 0-0: Called Strike
0-1: Ball
1-1: Ball
2-1: Called Strike
2-2: Foul Ball, location: 2F
2-2: Ball
3-2: Foul Ball, location: 2F
3-2: Strikes out swinging
Bottom of the 2nd over - 1 run, 2 hits, 0 errors, 1 left on base; Mt. Vernon 2 - Mancelona 1
TOP OF THE 3RD
Mt. Vernon Bulls batting - Pitching for Mancelona Torch : RHP Lucas Gameiro
Batting: RHB Doug Page 0-0: Ball
1-0: Ball
2-0: Called Strike
2-1: Foul Ball, location: 2F
2-2: Foul Ball, location: 2F
2-2: Ball
3-2: Strikes out swinging
Batting: LHB Ramón Torres 0-0: Ball
1-0: Foul Ball, location: 2F
1-1: Ball
2-1: Ground out U3 (Groundball, 3, EV 91.2 MPH)
Batting: LHB Ben Bullock 0-0: Ball
1-0: Called Strike
1-1: Called Strike
1-2: Fly out, F7 (Flyball, 78M, EV 89.4 MPH)
Top of the 3rd over - 0 runs, 0 hits, 0 errors, 0 left on base; Mt. Vernon 2 - Mancelona 1
BOTTOM OF THE 3RD
Mancelona Torch batting - Pitching for Mt. Vernon Bulls : RHP Francisco Esposo
Batting: RHB Thinley Tshering 0-0: Ball
1-0: Foul Ball, location: 2F
1-1: Foul Ball, location: 2F
1-2: Strikes out looking
Batting: RHB Ken Joyner 0-0: Ground out 5-3 (Groundball, 56, EV 100.0 MPH)
Batting: SHB Silvio Capitanio 0-0: Called Strike
0-1: Foul Ball, location: 2F
0-2: Ball
1-2: Ball
2-2: Ball
3-2: Foul Ball, location: 2F
3-2: Foul Ball, location: 2F
3-2: Strikes out swinging
Bottom of the 3rd over - 0 runs, 0 hits, 0 errors, 0 left on base; Mt. Vernon 2 - Mancelona 1
TOP OF THE 4TH
Mt. Vernon Bulls batting - Pitching for Mancelona Torch : RHP Lucas Gameiro
Batting: RHB Cyrillo Watson 0-0: Ball
1-0: Swinging Strike
1-1: Ball
2-1: SINGLE (Groundball, 6D, EV 103.1 MPH)
Batting: RHB Francisco Ortíz 0-0: Ball
1-0: Ball
2-0: Grounds into double play, 6-4-3 (Groundball, 6, EV 100.6 MPH)
Batting: RHB Shawn Mullins 0-0: Ball
1-0: Ball
2-0: Called Strike
2-1: Ball
3-1: Foul Ball, location: 2F
3-2: Foul Ball, location: 2F
3-2: SINGLE (Groundball, 4S, EV 83.8 MPH) (infield hit)
Batting: RHB Donovan Carlson 0-0: Ball
1-0: Called Strike
Shawn Mullins steals 2nd base
1-1: Ground out U3 (Groundball, 34, EV 101.2 MPH)
Top of the 4th over - 0 runs, 2 hits, 0 errors, 1 left on base; Mt. Vernon 2 - Mancelona 1
BOTTOM OF THE 4TH
Mancelona Torch batting - Pitching for Mt. Vernon Bulls : RHP Francisco Esposo
Batting: RHB Cam Lumsden 0-0: Ball
1-0: Ball
2-0: Called Strike
2-1: Foul Ball, location: 2F
2-2: Ground out 6-3 (Groundball, 6, EV 80.0 MPH)
Batting: LHB Jared Schneider 0-0: Ball
1-0: Swinging Strike
1-1: SINGLE (Line Drive, 8RS, EV 106.2 MPH)
Batting: RHB Tristan Powell 0-0: Fly out, F6 (Popup, 6M, EV 50.0 MPH)
Batting: RHB Aguostinho Antunes 0-0: SINGLE (Groundball, 4MD, EV 100.6 MPH)
Jared Schneider to second
Runner from 2nd tries for 3rd, OUT! 8-5
Bottom of the 4th over - 0 runs, 2 hits, 0 errors, 1 left on base; Mt. Vernon 2 - Mancelona 1
TOP OF THE 5TH
Mt. Vernon Bulls batting - Pitching for Mancelona Torch : RHP Lucas Gameiro
Batting: RHB Claudio Corona 0-0: Ball
1-0: Swinging Strike
1-1: Ball
2-1: Foul Ball, location: 2F
2-2: Strikes out swinging
Batting: RHB Ned Lyons 0-0: Called Strike
0-1: Ball
1-1: Ball
2-1: SINGLE (Flyball, 78S, EV 88.1 MPH)
Batting: RHB Doug Page 0-0: Called Strike
0-1: Grounds into double play, 4-6-3 (Groundball, 34, EV 86.9 MPH)
Top of the 5th over - 0 runs, 1 hit, 0 errors, 0 left on base; Mt. Vernon 2 - Mancelona 1
BOTTOM OF THE 5TH
Mancelona Torch batting - Pitching for Mt. Vernon Bulls : RHP Francisco Esposo
Batting: RHB Cristóbal Arroyo 0-0: Ball
1-0: DOUBLE (Line Drive, 9LS, EV 109.4 MPH)
Batting: RHB Izaak Gerkis 0-0: Ball
1-0: Called Strike
1-1: 2-RUN HOME RUN (Line Drive, 7LD, EV 100.6 MPH), Distance : 349 ft
Batting: RHB Thinley Tshering 0-0: Called Strike
0-1: Foul Ball, location: 2F
0-2: Ball
1-2: Ball
2-2: Ground out 6-3 (Groundball, 6D, EV 103.1 MPH)
Batting: RHB Ken Joyner 0-0: Called Strike
0-1: Fly out, F5 (Line Drive, 5, EV 64.4 MPH)
Batting: SHB Silvio Capitanio 0-0: Fly out, F8 (Flyball, 8LD, EV 91.9 MPH)
Bottom of the 5th over - 2 runs, 2 hits, 0 errors, 0 left on base; Mt. Vernon 2 - Mancelona 3
TOP OF THE 6TH
Mt. Vernon Bulls batting - Pitching for Mancelona Torch : RHP Lucas Gameiro
Batting: LHB Ramón Torres 0-0: Called Strike
0-1: Ball
1-1: Ball
2-1: Ball
3-1: Foul Ball, location: 2F
3-2: Ground out 6-3 (Groundball, 6, EV 106.9 MPH)
Batting: LHB Ben Bullock 0-0: Called Strike
0-1: Ball
1-1: SINGLE (Flyball, 89M, EV 89.4 MPH)
Batting: RHB Cyrillo Watson 0-0: Ball
1-0: Foul Ball, location: 2F
1-1: Called Strike
1-2: Foul Ball, location: 2F
1-2: Ball
2-2: Strikes out swinging
Batting: RHB Francisco Ortíz 0-0: Ball
Ben Bullock is caught stealing 2nd base 2-4
Top of the 6th over - 0 runs, 1 hit, 0 errors, 0 left on base; Mt. Vernon 2 - Mancelona 3
BOTTOM OF THE 6TH
Mancelona Torch batting - Pitching for Mt. Vernon Bulls : RHP Francisco Esposo
Batting: RHB Cam Lumsden 0-0: Ball
1-0: Foul Ball, location: 2F
1-1: DOUBLE (Line Drive, 89D, EV 101.2 MPH) - OUT at third base trying to stretch hit.
Batting: LHB Jared Schneider 0-0: Called Strike
0-1: Ball
1-1: Ball
2-1: Called Strike
2-2: Ball
3-2: Strikes out swinging
Batting: RHB Tristan Powell 0-0: Called Strike
0-1: Fly out, F9 (Flyball, 9LSF, EV 78.1 MPH)
Bottom of the 6th over - 0 runs, 1 hit, 0 errors, 0 left on base; Mt. Vernon 2 - Mancelona 3
TOP OF THE 7TH
Mt. Vernon Bulls batting - Pitching for Mancelona Torch : RHP Lucas Gameiro
Batting: RHB Francisco Ortíz 0-0: Ball
1-0: Ball
2-0: Ball
3-0: Called Strike
3-1: Called Strike
3-2: Strikes out swinging
Batting: RHB Shawn Mullins 0-0: Ball
1-0: Ground out 3-1 (Groundball, 34, EV 80.6 MPH)
Batting: RHB Donovan Carlson 0-0: DOUBLE (Line Drive, 3D, EV 95.0 MPH)
Pinch Hitting: LHB Rafael Romero 0-0: Ball
1-0: Foul Ball, location: 2F
1-1: DOUBLE (Flyball, 78D, EV 110.6 MPH)
Donovan Carlson scores
Batting: RHB Ned Lyons 0-0: SINGLE (Line Drive, 89S, EV 102.5 MPH)
Rafael Romero to third
Pitching: RHP Fernando Gonzáles
Batting: RHB Doug Page 0-0: Ball
1-0: Ball
2-0: Foul Ball, location: 2F
2-1: Foul Ball, location: 2F
2-2: SINGLE (Groundball, 6MD, EV 104.4 MPH)
Rafael Romero scores
Ned Lyons to second
Runner from 2nd tries for 3rd, SAFE, throw by CF made to third
Batting: LHB Ramón Torres 0-0: Ball
1-0: DOUBLE (Line Drive, 78XD, EV 98.8 MPH)
Ned Lyons scores
Doug Page to third
Batting: LHB Ben Bullock 0-0: Foul Ball, location: 2F
0-1: Ball
1-1: Called Strike
1-2: Ball
2-2: Strikes out swinging
Top of the 7th over - 3 runs, 5 hits, 0 errors, 2 left on base; Mt. Vernon 5 - Mancelona 3
BOTTOM OF THE 7TH
Mancelona Torch batting - Pitching for Mt. Vernon Bulls : RHP Francisco Esposo
Now at 2B: John Polk
Batting: RHB Aguostinho Antunes 0-0: Ground out 6-3 (Groundball, 6S, EV 86.9 MPH)
Batting: RHB Cristóbal Arroyo 0-0: Swinging Strike
0-1: Swinging Strike
0-2: Strikes out swinging
Batting: RHB Izaak Gerkis 0-0: Ball
1-0: Foul Ball, location: 2F
1-1: SINGLE (Line Drive, 9S, EV 109.4 MPH)
Batting: RHB Thinley Tshering 0-0: Ball
1-0: Foul Ball, location: 2F
1-1: SINGLE (Groundball, 34, EV 85.6 MPH) (infield hit)
Izaak Gerkis to second
Batting: RHB Ken Joyner 0-0: Ball
1-0: Foul Ball, location: 2F
1-1: Ground out 3-1 (Groundball, 34, EV 86.2 MPH)
Bottom of the 7th over - 0 runs, 2 hits, 0 errors, 2 left on base; Mt. Vernon 5 - Mancelona 3
TOP OF THE 8TH
Mt. Vernon Bulls batting - Pitching for Mancelona Torch : RHP Fernando Gonzáles
Batting: RHB Cyrillo Watson 0-0: Fly out, F9 (Flyball, 89D, EV 101.9 MPH)
Batting: RHB Francisco Ortíz 0-0: Called Strike
0-1: Ball
1-1: Ball
2-1: Ball
3-1: Foul Ball, location: 2F
3-2: DOUBLE (Line Drive, 3D, EV 108.1 MPH)
Batting: RHB Shawn Mullins 0-0: Fly out, F7 (Flyball, 7LD, EV 103.8 MPH)
Runner from 2nd tags up, SAFE at 3rd, no throw by LF
Batting: RHB Donovan Carlson 0-0: Ball
1-0: Ball
2-0: Swinging Strike
2-1: Ball
3-1: Called Strike
3-2: SINGLE (Line Drive, 4M, EV 97.5 MPH)
Francisco Ortíz scores
Batting: RHB John Polk 0-0: Foul Ball, location: 2F
0-1: Called Strike
0-2: Ball
1-2: Ball
Donovan Carlson is caught stealing 2nd base 2-4
Top of the 8th over - 1 run, 2 hits, 0 errors, 0 left on base; Mt. Vernon 6 - Mancelona 3
BOTTOM OF THE 8TH
Mancelona Torch batting - Pitching for Mt. Vernon Bulls : RHP Francisco Esposo
Now in LF: Joe Smith
Batting: SHB Silvio Capitanio 0-0: Swinging Strike
0-1: Foul Ball, location: 2F
0-2: Foul Ball, location: 2F
0-2: Ball
1-2: Ball
2-2: Strikes out looking
Pitching: RHP Rafael Santiago
Batting: RHB Cam Lumsden 0-0: Ball
1-0: Foul Ball, location: 2F
1-1: Called Strike
1-2: Strikes out looking
Batting: LHB Jared Schneider 0-0: Ball
1-0: SINGLE (Flyball, 89M, EV 92.5 MPH)
Batting: RHB Tristan Powell 0-0: Ball
1-0: Ball
2-0: Called Strike
2-1: Called Strike
2-2: Strikes out swinging
Bottom of the 8th over - 0 runs, 1 hit, 0 errors, 1 left on base; Mt. Vernon 6 - Mancelona 3
TOP OF THE 9TH
Mt. Vernon Bulls batting - Pitching for Mancelona Torch : RHP Fernando Gonzáles
Batting: RHB John Polk 0-0: Swinging Strike
0-1: Foul Ball, location: 2F
0-2: Foul Ball, location: 2F
0-2: Foul Ball, location: 2F
0-2: Strikes out swinging
Batting: RHB Ned Lyons 0-0: Foul Ball, location: 2F
0-1: Ball
1-1: Foul Ball, location: 2F
1-2: Fly out, F8 (Flyball, 8RS, EV 87.5 MPH)
Batting: RHB Doug Page 0-0: Called Strike
0-1: Foul Ball, location: 2F
0-2: Ball
1-2: Foul Ball, location: 2F
1-2: Strikes out looking
Top of the 9th over - 0 runs, 0 hits, 0 errors, 0 left on base; Mt. Vernon 6 - Mancelona 3
BOTTOM OF THE 9TH
Mancelona Torch batting - Pitching for Mt. Vernon Bulls : RHP Rafael Santiago
Pitching: RHP Danny Kas
Batting: RHB Aguostinho Antunes 0-0: Called Strike
0-1: Ball
1-1: Called Strike
1-2: Foul Ball, location: 2F
1-2: Foul Ball, location: 2F
1-2: SINGLE (Groundball, 4D, EV 106.9 MPH)
Batting: RHB Cristóbal Arroyo 0-0: Swinging Strike
0-1: Ball
1-1: Fly out, F8 (Flyball, 89M, EV 83.8 MPH)
Batting: RHB Izaak Gerkis 0-0: Swinging Strike
0-1: Ball
1-1: Ball
2-1: DOUBLE (Line Drive, 5D, EV 99.4 MPH)
Aguostinho Antunes to third
Pinch Hitting: LHB Diego Alejandro Ureńa 0-0: Ball
1-0: Called Strike
1-1: Swinging Strike
1-2: Strikes out swinging
Batting: RHB Ken Joyner 0-0: Called Strike
0-1: Swinging Strike
0-2: Ball
1-2: Strikes out swinging
Bottom of the 9th over - 0 runs, 2 hits, 0 errors, 2 left on base; Mt. Vernon 6 - Mancelona 3
Friday, April 17th, 2020 - OOTP Baseball 20.8 Build 74